 Dungeon Crawl Stone Soup version 0.26.1-11-gd32895ea62 (webtiles) character file.

Game seed: 10945325965566557512

9033 Ekaitz the Covert (level 11, -3/78 HPs)
             Began as a Vampire Enchanter on July 17, 2021.
             Was an Elder of Dithmenos.
             Killed by divine providence
             ... invoked by an orc priest
              (12 damage)
             ... on level 10 of the Dungeon on July 18, 2021.
             The game lasted 00:42:09 (11243 turns).

Ekaitz the Covert (Vampire Enchanter)              Turns: 11243, Time: 00:42:09

Health: -3/78      AC:  5    Str:  8    XL:     11   Next: 17%
Magic:  9/20       EV: 20    Int: 19    God:    Dithmenos [****..]
Gold:   601        SH:  0    Dex: 16    Spells: 10/22 levels left

rFire    + . .     SeeInvis +   r - +5 short sword
rCold    + . .     Faith    .   (no shield)
rNeg     . . .     Spirit   .   E - +2 robe {rC+ rF+}
rPois    .         Reflect  .   (no helmet)
rElec    .         Harm     .   (no cloak)
rCorr    .         Rampage  .   (no gloves)
Will     +....                  z - +0 pair of boots
Stlth    ++++++++..             n - amulet of regeneration
HPRegen  0.83/turn              H - +4 ring of evasion
MPRegen  0.17/turn              (no ring)

@: regenerating quickly, wreathed by umbra
A: fangs 3, see invisible, unbreathing
a: Exsanguinate, Renounce Religion, Shadow Step


You were on level 10 of the Dungeon.
You worshipped Dithmenos.
Dithmenos was greatly pleased with you.
You visited 1 branch of the dungeon, and saw 10 of its levels.
You also visited: Sewer.

You collected 817 gold pieces.
You spent 216 gold pieces at shops.

Inventory:

Hand Weapons
 a - a +1 dagger
 r - a +5 short sword (weapon)
 F - a +2 glaive of venom
 Q - a +0 hunting sling
 R - a +4 scimitar of flaming
 S - a +0 shortbow
 W - a +4 trident of freezing
Missiles
 g - 47 bolts
 i - 212 arrows
 o - 71 sling bullets
 p - 240 stones
 q - 26 poisoned darts (quivered)
 D - 5 atropa-tipped darts
 N - 5 javelins
 O - 8 boomerangs
 Z - a throwing net
Armour
 s - a +0 kite shield
 w - the +1 leather armour of Asylufytt {+Blink rC+}
   (You found it on level 8 of the Dungeon)

   It protects you from cold.
   It lets you blink.
 z - a +0 pair of boots (worn)
 E - a +2 robe of resistance (worn)
 L - a cursed +0 scale mail
Magical Staves
 l - an uncursed staff of death
Jewellery
 b - an uncursed ring of fire
 n - an amulet of regeneration (around neck)
 H - a +4 ring of evasion (left hand)
Wands
 I - a wand of disintegration (8)
 J - a wand of digging (5)
 P - a wand of paralysis (11)
 U - a wand of iceblast (8)
Scrolls
 d - 6 scrolls of remove curse
 f - 9 scrolls of teleportation {unknown}
 h - 3 scrolls of immolation {unknown}
 j - 6 scrolls of random uselessness {unknown}
 k - a scroll of identify
 t - 2 scrolls of fear {unknown}
 v - 2 scrolls of enchant weapon {unknown}
 y - 2 scrolls of blinking {unknown}
 A - 2 scrolls of enchant armour
 B - a scroll of fog
 C - 4 scrolls of magic mapping
 M - 2 scrolls of amnesia {unknown}
 V - 3 scrolls of torment {unknown}
Potions
 c - 2 potions of brilliance
 e - 2 potions of might
 m - 8 potions of heal wounds {unknown}
 u - 4 potions of flight
 x - 5 potions of berserk rage
 G - 5 potions of curing
 K - a potion of magic
 T - 3 potions of lignification {unknown}
 X - 3 potions of haste
 Y - a potion of invisibility


   Skills:
 + Level 4.6 Fighting
 + Level 5.6 Short Blades
 * Level 6.2 Dodging
 + Level 12.7 Stealth
 * Level 4.8 Shields
 + Level 6.0 Spellcasting
 * Level 12.4 Hexes
 + Level 4.3 Ice Magic


You had 10 spell levels left.
You knew the following spells:

 Your Spells              Type           Power        Failure   Level
a - Corona                Hex            57%          1%          1
b - Ensorcelled Hibernat  Hex/Ice        74%          1%          2
c - Confusing Touch       Hex            52%          1%          3
d - Tukima's Dance        Hex            52%          1%          3
e - Dazzling Flash        Conj/Hex       58%          2%          3

Your spell library contained the following spells:

 Spells                   Type           Power        Failure   Level


Dungeon Overview and Level Annotations

Branches:
Dungeon (10/15)            Temple (0/1) D:5            Lair (0/6) D:9
    Orc (0/2) D:9           Sewer (visited)

Altars:
Cheibriados
Dithmenos
Elyvilon
Gozag
Hepliaklqana
Kikubaaqudgha
Makhleb
Nemelex Xobeh
Qazlal
Ru
Xom
Yredelemnul
Zin
Beogh

Shops:
D:4 :?


Innate Abilities, Weirdness & Mutations

Your natural rate of healing is unusually fast.
You have razor-sharp teeth.
You have supernaturally acute eyesight. (SInv)
You can survive without breathing.


Message History

The orc priest mumbles some strange prayers to Beogh against you.
Beogh smites you!
* * * LOW HITPOINT WARNING * * *
The orc wizard gestures at itself while chanting.
The orc wizard flickers and vanishes for a moment.
Your +0 glaive hits the orc warrior from afar!
Unknown command.
The orc warrior barely misses your +0 war axe.
Your +0 war axe barely misses the orc warrior.
Your +0 war axe hits the orc priest!
The orc priest looks encouraged for a moment.
The orc warrior closely misses your +0 war axe.
Something hits the orc warrior!
The orc warrior dies!
Dithmenos accepts your kill.
Unknown command.
The orc wizard casts a cantrip, but nothing happens.
The orc priest mumbles some strange prayers to Beogh against you.
Beogh smites you!
You die...

######...............#
$........###+##......#
.........#....#......#
.........#...<#......#
.........#....#......#
.........#....'......#
#....)'....#......#
#.....#....#......#
#.....#.@..#.##...#
........#.o..#.##...#
.........#oo[.#.##...#
+####'####....#.##...#
..........#......#
........o..#......#
..........#......#
..........#......#
###+######.(..#......#


You could see an orc warrior, an orc priest, an orc wizard (fast, invisible) and
an orc.

Vanquished Creatures
  Harold (D:10)
  An unseen horror (D:9)
  Prince Ribbit (D:9)
  Grinder (D:3)
  2 wyverns (D:9)
  A basilisk (D:9)
  6 yaks
  A warg (D:10)
  2 water moccasins
  4 phantoms
  6 orc warriors
  4 ice beasts
  A black bear (D:9)
  A sky beast (D:9)
  3 ogres
  4 centaurs
  5 big kobolds (Sewer)
  2 bullfrogs
  Blork the orc (D:6)
  A water moccasin zombie (D:8)
  6 scorpions
  7 killer bees
  7 wights
  A howler monkey (D:4)
  3 jellies
  8 hounds
  A centaur skeleton (D:6)
  3 bullfrog skeletons
  7 orc priests
  6 orc wizards
  4 iguanas
  6 worker ants
  2 hound zombies
  A hound skeleton (D:5)
  A worker ant zombie (D:5)
  A howler monkey skeleton (D:5)
  18 adders
  5 river rats
  A shadow imp (D:10)
  5 white imps
  4 ufetubi
  4 oozes
  An adder skeleton (D:4)
  2 dart slugs
  9 worms
  6 leopard geckos
  27 orcs
  4 ball pythons
  6 giant cockroaches
  7 goblins
  10 hobgoblins
  7 jackals
  2 quokkas
  11 bats
  11 frilled lizards
  A jackal skeleton (D:8)
  17 kobolds
  A quokka skeleton (D:8)
  8 rats
279 creatures vanquished.

Vanquished Creatures (collateral kills)
  Erica (D:10)
  Urug (D:10)
  An orc warrior (D:10)
  2 ogres
  2 killer bees (D:7)
  7 wights
  An orc priest (D:6)
  A worker ant (D:8)
  8 orcs
  A quokka (D:8)
25 creatures vanquished.

Vanquished Creatures (others)
  6 dancing weapons
  A shadow imp (D:8)
  8 plants (D:3)
15 creatures vanquished.

Grand Total: 319 creatures vanquished

Notes
Turn   | Place    | Note
-------+----------+-------------------------------------------
     0 | D:1      | Ekaitz the Vampire Enchanter began the quest for the Orb.
     0 | D:1      | Reached XP level 1. HP: 13/13 MP: 3/3
   195 | D:1      | Reached XP level 2. HP: 20/20 MP: 5/5
   202 | D:1      | Learned a level 2 spell: Ensorcelled Hibernation
   360 | D:1      | Reached skill level 5 in Hexes
   613 | D:1      | Reached skill level 1 in Fighting
   712 | D:1      | Reached skill level 5 in Stealth
   961 | D:1      | Reached XP level 3. HP: 26/26 MP: 6/6
  1170 | D:2      | Learned a level 3 spell: Confusing Touch
  1237 | D:2      | Reached XP level 4. HP: 32/32 MP: 0/7
  1928 | D:2      | Reached skill level 1 in Ice Magic
  2012 | D:2      | Found a shimmering altar of Xom.
  2014 | D:2      | Found a burning altar of Makhleb.
  2017 | D:2      | Found a stormy altar of Qazlal.
  2017 | D:2      | Found a sacrificial altar of Ru.
  2019 | D:2      | Found a basalt altar of Yredelemnul.
  2257 | D:3      | Reached XP level 5. HP: 38/38 MP: 1/8
  2768 | D:3      | Noticed Grinder
  2892 | D:3      | Killed Grinder
  2893 | D:3      | Reached XP level 6. HP: 33/45 MP: 5/10
  2897 | D:3      | Learned a level 3 spell: Tukima's Dance
  3627 | D:4      | Found Leokuhip's Book Emporium.
  3646 | D:4      | Reached XP level 7. HP: 51/51 MP: 6/11
  3818 | D:4      | Learned a level 3 spell: Dazzling Flash
  3846 | D:4      | Found Pais Sei's Magic Scroll Emporium.
  3850 | D:4      | Bought a scroll of identify for 24 gold pieces
  3850 | D:4      | Bought a scroll of enchant armour for 90 gold pieces
  3850 | D:4      | Bought a scroll of fog for 24 gold pieces
  3850 | D:4      | Bought a scroll of remove curse for 36 gold pieces
  3850 | D:4      | Bought a scroll of magic mapping for 42 gold pieces
  3951 | D:4      | Found a hazy altar of Hepliaklqana.
  3958 | D:4      | Found a shadowy altar of Dithmenos.
  3958 | D:4      | Noticed a shadow
  3963 | D:4      | Became a worshipper of Dithmenos the Shadowed
  4451 | D:5      | Entered Level 5 of the Dungeon
  4577 | D:5      | Found a staircase to the Ecumenical Temple.
  4651 | D:5      | Found a glowing drain.
  4698 | Sewer    | Entered a sewer
  5066 | Sewer    | Reached XP level 8. HP: 58/58 MP: 5/13
  5772 | D:5      | Found an opulent altar of Gozag.
  5779 | D:5      | Found a sparkling altar of Nemelex Xobeh.
  5784 | D:5      | Found a glowing silver altar of Zin.
  5797 | D:5      | Found a snail-covered altar of Cheibriados.
  5802 | D:5      | Found an ancient bone altar of Kikubaaqudgha.
  6334 | D:6      | Reached * piety under Dithmenos
  6898 | D:6      | Noticed Blork the orc
  6901 | D:6      | Killed Blork the orc
  7119 | D:7      | Reached XP level 9. HP: 64/65 MP: 6/15
  7332 | D:7      | Reached skill level 10 in Stealth
  7347 | D:7      | Reached ** piety under Dithmenos
  7612 | D:7      | Reached skill level 1 in Shields
  7871 | D:7      | Reached skill level 10 in Hexes
  8082 | D:7      | Found a white marble altar of Elyvilon.
  8581 | D:8      | Identified the +1 leather armour of Asylufytt {+Blink rC+}
                  | (You found it on level 8 of the Dungeon)
  8764 | D:8      | Reached *** piety under Dithmenos
  8784 | D:8      | Reached skill level 5 in Spellcasting
  8911 | D:8      | Reached XP level 10. HP: 22/72 MP: 3/17
  9555 | D:9      | Found a staircase to the Orcish Mines.
  9576 | D:9      | Reached skill level 5 in Dodging
  9607 | D:9      | Found a roughly hewn altar of Beogh.
  9630 | D:9      | HP: 3/73 [orc/+0 flail (6)]
  9754 | D:9      | Found a staircase to the Lair.
  9779 | D:9      | Reached skill level 5 in Short Blades
  9855 | D:9      | Reached **** piety under Dithmenos
  9862 | D:9      | Noticed Prince Ribbit
  9863 | D:9      | Noticed an unseen horror
  9871 | D:9      | Killed Prince Ribbit
  9883 | D:9      | Killed an unseen horror
 10484 | D:10     | Entered Level 10 of the Dungeon
 10577 | D:10     | Noticed Erica
 10598 | D:10     | Killed Erica
 10926 | D:10     | Noticed Harold
 10946 | D:10     | Killed Harold
 10947 | D:10     | Reached XP level 11. HP: 49/78 MP: 12/19
 11080 | D:10     | Noticed Urug
 11106 | D:10     | Killed Urug
 11243 | D:10     | Killed from afar by an orc priest

Illustrated notes

Levels and vault maps discovered:
D:1:      dpeg_arrival_brainrot, layout_basic
D:2:      layout_rooms, minitemple, grunt_ministairs_11,
          minmay_misc_feat_four_crosses
D:3:      minmay_razor_zed, layout_rooms, chequers_big_river, uniq_grinder
D:4:      layout_loops_ring, riverfiend_overflow_shadow_ancestor, serial_shops,
          nicolae_shop_trees, nicolae_shop_temple_entry_statues_fountains,
          kennysheep_generic_room_7
D:5:      minmay_general_purpose_star, layout_loops_cross,
          minmay_overflow_temple_star_hex, minmay_temple_entry_glassed_door,
          lightli_sewer_entry_pipes, grunt_ministairs_12
D:6:      layout_basic, uniq_blork_the_orc
D:7:      layout_basic, lemuel_coloured_pillars_altar,
          chequers_serial_rivers_micro_e, kennysheep_generic_room_9
D:8:      layout_rooms, chequers_decorated_corner
D:9:      layout_basic, david_lair_generic, minmay_orc_entry_temple_small,
          uniq_prince_ribbit1
D:10:     lemuel_castle_with_subvaults [lemuel_castle_interior_carwin_2],
          layout_stronghold, dk_rats_in_the_wall, uniq_urug, uniq_erica,
          uniq_harold

Skill      XL: |  1  2  3  4  5  6  7  8  9 10 11 |
---------------+----------------------------------+-----
Hexes          | 5 6 7 9 10 12 | 12.4
Fighting       | 1 2 3 4 |  4.6
Stealth        | 5 6 8 9 11 12 | 12.7
Ice Magic      | 1 2 3 4 |  4.3
Short Blades   | 2 3 4 5 |  5.6
Spellcasting   | 3 4 5 6 |  6.0
Dodging        | 3 4 6 |  6.2
Shields        | 3 4 |  4.8

Action                   |  1- 3 |  4- 6 |  7- 9 | 10-12 || total
-------------------------+-------+-------+-------+-------++-------
Melee: Dagger            |    77 |   170 |   422 |       ||   669
       Bite              |     1 |    12 |    26 |    23 ||    62
       Short sword       |       |       |    36 |   223 ||   259
 Cast: Corona            |     5 |     2 |    11 |     9 ||    27
       Ensorcelled Hiber |    19 |    45 |    81 |    40 ||   185
       Confusing Touch   |       |     3 |    11 |     9 ||    23
       Tukima's Dance    |       |       |    16 |    19 ||    35
       Dazzling Flash    |       |       |     1 |     2 ||     3
  Use: Potion            |       |       |     1 |     2 ||     3
       Scroll            |       |       |     1 |     6 ||     7
 Stab: Sleeping          |    17 |    37 |    84 |    27 ||   165
       Confused          |       |     3 |     8 |    11 ||    22
       Distracted        |       |     1 |     3 |       ||     4
       Invisible         |       |       |     2 |     2 ||     4
Armor: Robe              |    14 |    17 |    63 |    35 ||   129
Dodge: Dodged            |    58 |   102 |   323 |   252 ||   735
